Map: Romanticide LE

Players

LiquidClem (Clem) - Winner!

  • Race: Terran Terran
  • Spawn Location: 5:00

Armani

  • Race: Zerg Zerg
  • Spawn Location: 11:00

Event: DreamHack SC2 Masters 2020 Winter

VOD

Have the link to the VOD?

Description

Time

  • Played on: Nov. 10, 2020, 12:40 p.m.
  • Length: 9:40

All games in this series

Show
View Real Time Build Order
Export as new Build Order

LiquidClem Terran - Winner!

Build Orders: Reaper Expand 

Get SALT Encoding   

  12  0:00  SCV  
  13  0:12  SCV  
  14  0:17  Supply Depot  
  14  0:24  SCV  
  15  0:38  SCV  
  15  0:39  Barracks  
  16  0:44  Refinery  
  16  0:50  SCV  
  17  1:02  SCV  
  18  1:14  SCV  
  19  1:27  Orbital Command, Reaper  
  20  1:39  Command Center  
  20  1:48  Supply Depot  
  20  1:53  SCV  
  21  1:58  Marine  
  22  2:05  SCV  
  23  2:12  Factory  
  23  2:17  SCV  
  23  2:21  Barracks Reactor  
  24  2:29  SCV  
  25  2:37  Command Center  
  25  2:42  SCV  
  26  2:51  Orbital Command  
  26  2:54  SCV  
  27  2:59  Barracks  
  27  3:03  Barracks Tech Lab  
  27  3:06  SCV  
  27  3:09  Hellion  
  32  3:13  Hellion  
  32  3:16  SCV  
  32  3:18  SCV  
  34  3:22  Refinery  
  34  3:23  Marine  
  35  3:28  Stimpack  
  35  3:30  SCV  
  35  3:31  SCV  
  37  3:41  Marine  
  37  3:42  SCV  
  37  3:46  Starport  
  37  3:48  SCV  
  40  3:53  Orbital Command  
  40  3:55  Marine x2, Factory Reactor  
  40  3:57  SCV  
  40  3:59  Marine  
  40  4:00  SCV  
  45  4:06  Supply Depot  
  45  4:09  SCV  
  46  4:13  SCV, Marine x2  
  46  4:17  Marine  
  49  4:20  SCV  
  49  4:21  SCV  
  52  4:26  SCV  
  52  4:27  Supply Depot  
  52  4:29  Bunker  
  52  4:31  Marine x2  
  54  4:34  Marine  
  54  4:36  Medivac x2, Orbital Command  
  60  4:40  Factory Tech Lab, Barracks  
  60  4:41  SCV x2  
  62  4:49  Marine  
  62  4:50  Supply Depot, Refinery  
  62  4:52  Marine x2  
  65  4:53  SCV  
  65  4:57  SCV  
  67  5:01  SCV  
  67  5:05  SCV  
  67  5:06  Marine  
  70  5:07  Combat Shield, Supply Depot  
  70  5:09  Engineering Bay  
  70  5:10  Engineering Bay  
  70  5:12  SCV  
  70  5:13  SCV  
  72  5:15  Marine, Refinery  
  72  5:16  Marine  
  72  5:17  SCV  
  72  5:19  Siege Tank  
  78  5:24  Marine  
  78  5:27  SCV  
  78  5:28  Barracks Reactor  
  80  5:32  Marine  
  80  5:33  Barracks  
  80  5:34  Barracks  
  80  5:36  Marine  
  80  5:37  SCV  
  80  5:38  SCV  
  80  5:39  SCV  
  80  5:42  Marine  
  72  5:50  Marine  
  72  5:51  Siege Tank  
  72  5:54  Marine  
  76  5:57  Barracks  
  76  6:00  Marine, SCV x2  
  77  6:04  Marine  
  77  6:06  Marine  
  77  6:07  Medivac  
  77  6:08  Marine  
  81  6:12  Marine  
  81  6:13  Supply Depot  
  81  6:14  SCV x2, Orbital Command  
  84  6:18  Marine  
  84  6:21  Terran Infantry Weapons Level 1  
  84  6:25  Marine  
  85  6:26  Marine  
  85  6:29  Supply Depot  
  85  6:32  Marine x2  
  85  6:33  SCV x2  
  85  6:36  Marine  
  83  6:41  SCV  
  83  6:42  Marine  
  83  6:43  Marine  
  83  6:44  Marine  
  83  6:45  SCV  
  78  6:49  Marine  
  78  6:50  Marine  
  78  6:51  Medivac  
  78  6:54  Marine  
  77  7:00  Marine  
  78  7:05  Marine x2  
  78  7:06  Barracks  
  78  7:07  Barracks  
  78  7:08  SCV  
  81  7:09  Marine  
  81  7:10  SCV  
  81  7:11  SCV  
  81  7:14  Marine  
  81  7:15  Marine  
  83  7:18  Marine  
  83  7:20  SCV  
  71  7:22  Marine  
  71  7:23  SCV x2  
  74  7:32  SCV  
  74  7:34  Marine x2  
  74  7:35  SCV, Marine  
  74  7:36  Marine  
  80  7:45  SCV  
  80  7:48  Refinery  
  80  7:50  Marine x2  
  83  7:51  Marine x2  
  83  7:52  SCV, Supply Depot  
  83  7:57  SCV  
  87  7:58  Marine  
  87  8:02  Siege Tank  
  87  8:04  SCV  
  87  8:05  Marine x2  
  92  8:09  SCV  
  95  8:13  Marine x4  
  95  8:14  Orbital Command  
  95  8:16  Marine x2  
  101  8:22  Supply Depot, SCV  
  101  8:24  SCV  
  103  8:30  Medivac  
  105  8:36  Medivac  
  105  8:37  Siege Tank, Marine x2  
  105  8:39  SCV  
Show
View Real Time Build Order
Export as new Build Order

Armani Zerg 

Build Orders: Hatch First 

Get SALT Encoding   

  12  0:00  Drone  
  13  0:13  Overlord  
  13  0:17  Drone  
  14  0:31  Drone  
  14  0:32  Drone  
  16  0:48  Hatchery  
  15  0:52  Drone  
  15  0:54  Drone  
  17  0:59  Drone  
  18  1:08  Extractor  
  17  1:13  Spawning Pool  
  17  1:17  Drone  
  17  1:20  Drone  
  18  1:28  Drone  
  19  1:39  Drone  
  20  1:51  Drone  
  21  2:00  Queen x2, Zergling x2  
  26  2:02  Zergling x2  
  27  2:09  Metabolic Boost  
  27  2:13  Overlord  
  27  2:18  Drone  
  28  2:30  Hatchery  
  28  2:35  Drone x2  
  28  2:42  Queen  
  30  2:45  Drone  
  30  2:47  Drone  
  32  2:52  Drone  
  32  2:55  Overlord  
  33  2:58  Drone  
  33  3:02  Drone  
  35  3:14  Drone x4  
  35  3:17  Overlord  
  35  3:19  Drone  
  40  3:25  Queen  
  42  3:30  Lair  
  42  3:32  Drone  
  43  3:38  Drone  
  43  3:39  Drone  
  43  3:40  Drone  
  46  3:45  Queen  
  46  3:47  Zergling x4  
  50  3:51  Drone  
  50  3:54  Overlord  
  51  3:56  Drone  
  51  3:57  Drone x2  
  51  3:58  Drone  
  55  4:03  Overlord  
  55  4:06  Queen  
  57  4:13  Spine Crawler  
  56  4:18  Drone  
  56  4:19  Drone  
  56  4:20  Zergling x10  
  63  4:25  Queen  
  65  4:36  Nydus Network  
  64  4:40  Drone  
  64  4:41  Drone x2  
  64  4:43  Zergling x12  
  73  4:46  Overlord  
  74  4:57  Overlord  
  74  5:05  Queen x3  
  79  5:08  Zergling x4  
  79  5:12  Overlord  
  79  5:13  Overlord  
  81  5:17  Overlord  
  81  5:18  Overlord  
  81  5:22  Overlord  
  81  5:26  Nydus Canal  
  81  5:32  Zergling x2  
  81  5:34  Zergling x22  
  92  5:39  Zergling x2  
  89  5:46  Zergling x4  
  89  5:47  Spine Crawler x2  
  85  5:50  Spine Crawler  
  85  5:53  Zergling x4  
  85  5:54  Queen x2, Nydus Canal  
  87  6:01  Zergling x8  
  87  6:02  Zergling x2  
  91  6:11  Zergling x2  
  90  6:12  Nydus Canal  
  89  6:18  Zergling x2  
  89  6:21  Zergling x2  
  89  6:24  Zergling x2  
  92  6:28  Zergling x2  
  92  6:32  Nydus Canal  
  81  6:41  Queen x2  
  81  6:42  Zergling x4  
  81  6:43  Zergling x2  
  81  6:44  Zergling x4  
  81  6:45  Zergling x4  
  81  6:46  Zergling x2  
  84  6:48  Zergling x6  
  84  6:50  Queen  
  84  6:51  Zergling x2  
  82  6:56  Zergling x2  
  82  7:00  Nydus Canal  
  82  7:01  Zergling x2  
  83  7:10  Zergling x2  
  83  7:12  Zergling x2  
  83  7:14  Zergling x6  
  78  7:17  Queen x2  
  78  7:20  Zergling x2  
  71  7:26  Queen  
  71  7:28  Zergling x16  
  77  7:34  Drone  
  77  7:35  Evolution Chamber  
  77  7:36  Evolution Chamber, Extractor  
  73  7:38  Extractor, Nydus Canal  
  73  7:39  Drone x2  
  75  7:44  Drone  
  75  7:47  Baneling Nest  
  74  7:52  Queen  
  74  7:53  Drone x2, Queen  
  74  7:55  Drone x2  
  74  7:57  Drone  
  83  7:59  Drone x4  
  83  8:03  Drone x2  
  89  8:05  Drone  
  90  8:13  Drone x4  
  90  8:14  Drone  
  94  8:22  Zergling x2  
  94  8:23  Zergling x8  
  95  8:30  Zergling x2  
  95  8:31  Zergling x6  
  95  8:32  Nydus Canal  
  98  8:36  Queen x2  
  98  8:38  Zergling x8  
Tags
 
Add a new tag
Caveats
  • Supply blocks, unpowered buildings, or Contaminate may cause inaccurate times.
  • Supply counts are checked every 10 seconds.